 Dungeon Crawl Stone Soup version 0.18-a0-1507-g69458e0 (webtiles) character file.

1635 Oddball22 the Thaumaturge (level 8, -3/41 HPs)
             Began as a Deep Elf Air Elementalist on Mar 5, 2016.
             Was a Follower of Sif Muna.
             Slain by a killer bee (9 damage)
             ... on level 7 of the Dungeon.
             The game lasted 00:25:14 (6014 turns).

Oddball22 the Thaumaturge (DEAE)                    Turns: 6014, Time: 00:25:14

Health: -3/41      AC:  8    Str:  5    XL:     8   Next: 66%
Magic:  17/22      EV: 13    Int: 23    God:    Sif Muna [*.....]
Gold:   234        SH:  0    Dex: 21    Spells: 5 memorised, 10 levels left

rFire  . . .     SeeInvis .     (no weapon)
rCold  . . .     Gourm    .     a - +0 robe
rNeg   . . .     Faith    .     (no shield)
rPois  .         Spirit   .     (no helmet)
rElec  .         Dismiss  +     z - +0 cloak "Varhecs" {Dex+7}
rCorr  .         Reflect  .     i - +0 pair of gloves
SustAt .         Harm     .     (no boots)
MR     .....                    p - amulet of dismissal
Stlth  ++........               (no ring)
                                n - ring of wizardry

@: lethally poisoned (-3 -> -34), not resistant to hostile enchantments,
unstealthy
A: rough black scales 1, slow regeneration 1, wild magic 1
a: Channel Energy, Renounce Religion


You were on level 7 of the Dungeon.
You worshipped Sif Muna.
Sif Muna was aware of your devotion.
You were near starving.

You visited 2 branches of the dungeon, and saw 8 of its levels.

You collected 234 gold pieces.

Inventory:

Armour
 a - a +0 robe (worn)
 i - a +0 pair of gloves (worn)
 z - the +0 cloak "Varhecs" (worn) {Dex+7}
   (You found it on level 5 of the Dungeon)

   It affects your dexterity (+7).
Jewellery
 e - the ring of the Special Beds {Wiz Str+2, unknown}
   (You found it on level 6 of the Dungeon)

   [ring of wizardry]

   It improves your spell success rate.
   It affects your strength (+2).
 m - an uncursed amulet of guardian spirit
 n - a ring of wizardry (left hand)
 p - an amulet of dismissal (around neck)
Scrolls
 g - 9 scrolls of identify
 r - a scroll of fog
 y - a scroll of immolation {unknown}
Potions
 h - 2 potions of mutation
 k - a potion of curing {unknown}
 l - a potion of ambrosia
 q - a potion of cure mutation {unknown}
 t - a potion of agility
 u - a potion of lignification {unknown}
 w - a potion of might {unknown}
 x - a potion of cancellation
Books
 b - a book of Air

   Spells                             Type                      Level
   a - Shock                          Conjuration/Air              1
   b - Swiftness                      Charms/Air                   2
   c - Repel Missiles                 Charms/Air                   2
   d - Static Discharge               Conjuration/Air              3
   e - Lightning Bolt                 Conjuration/Air              5
Comestibles
 c - 3 bread rations
 f - a beef jerky
 j - 4 meat rations
 o - 2 slices of pizza
 v - 2 fruits


   Skills:
 - Level 2.4 Dodging
 - Level 2.4 Stealth
 + Level 8.4 Spellcasting
 * Level 6.8 Conjurations
 + Level 3.1 Charms
 - Level 7.0 Air Magic


You had 10 spell levels left.
You knew the following spells:

 Your Spells              Type           Power        Failure   Level  Hunger
a - Shock                 Conj/Air       ####         1%          1    None
b - Repel Missiles        Chrm/Air       #####.       1%          2    None
c - Swiftness             Chrm/Air       #####...     1%          2    None
d - Static Discharge      Conj/Air       ######..     1%          3    None
e - Lightning Bolt        Conj/Air       ######....   9%          5    #####..


Dungeon Overview and Level Annotations

Branches:
Dungeon (7/15)             Temple (1/1) D:6

Altars:
Cheibriados
Elyvilon
Fedhas
Gozag
Kikubaaqudgha
Makhleb
Okawaru
Qazlal
Ru
Sif Muna
Trog
Vehumet
Xom
Zin

Shops:
D:6 [


Innate Abilities, Weirdness & Mutations

You are partially covered in rough black scales (AC +4, Dex -1).
You regenerate slowly when monsters are visible.
Your spells are a little harder to cast, but a little more powerful.


Message History

You feel magically purged.
You feel a little less agile now.
You feel very sick. The killer bee misses you. The killer bee stings you.
* * * LOW HITPOINT WARNING * * *
Casting: Shock
Confirm with . or Enter, or press ? or * to list all spells.
Aiming: Lightning Bolt
Press: ? - help, Shift-Dir - straight line, f - wyvern zombie, p - killer bee
Aim: a wyvern zombie You hear a mighty clap of thunder!
The bolt of lightning misses the killer bee.
The bolt of lightning hits the worker ant.
You kill the worker ant!
The bolt of lightning hits the wyvern zombie.
* * * LOW HITPOINT WARNING * * *
You feel sick.
You hear a loud, deep croak!
You hear a shout!
The killer bee stings you!
You die...

#.##.#.###........
#......###.##.####
### #.......##.#
..###.######...
#.#.## #...# #Z##
#...# ##.# #...#
##y#†# #.$.#
#@###a† #..# #†#
#.#.. ...
#.#.l..†.. #..
....... #..
##.#### ... .#
##.# #


You could see a killer bee, a wyvern zombie and a giant newt.

Vanquished Creatures
  Menkaure (D:6)
  An orc warrior (D:6)
  2 phantoms
  A necrophage (D:5)
  2 giant frogs
  5 killer bees (D:7)
  A crimson imp (D:6)
  A giant frog zombie (D:5)
  3 hounds
  2 orc priests
  5 orc wizards
  8 worker ants
  A hound skeleton (D:6)
  3 gnolls (D:6)
  7 adders
  2 oozes
  An adder zombie (D:7)
  6 worms
  3 dart slugs (D:1)
  14 orcs
  A ball python (D:5)
  11 giant cockroaches
  7 goblins
  8 hobgoblins
  17 jackals
  3 quokkas
  7 bats
  A giant gecko skeleton (D:5)
  6 giant newts
  A jackal zombie (D:6)
  9 kobolds
  5 rats
145 creatures vanquished.

Notes
Turn   | Place    | Note
--------------------------------------------------------------
     0 | D:1      | Oddball22 the Deep Elf Air Elementalist began the quest for the Orb.
     0 | D:1      | Reached XP level 1. HP: 10/10 MP: 6/6
   286 | D:1      | Reached XP level 2. HP: 15/15 MP: 6/8
   581 | D:1      | Reached skill level 4 in Spellcasting
   729 | D:1      | Reached XP level 3. HP: 19/19 MP: 8/10
  1385 | D:2      | Learned a level 2 spell: Repel Missiles
  1388 | D:2      | Learned a level 2 spell: Swiftness
  1392 | D:2      | Learned a level 3 spell: Static Discharge
  1847 | D:2      | Reached XP level 4. HP: 24/24 MP: 1/12
  2224 | D:2      | Reached skill level 5 in Spellcasting
  3275 | D:3      | Found a snail-covered altar of Cheibriados.
  3291 | D:3      | Reached XP level 5. HP: 28/28 MP: 9/14
  3485 | D:4      | Reached skill level 6 in Spellcasting
  3831 | D:5      | Entered Level 5 of the Dungeon
  3854 | D:5      | Reached XP level 6. HP: 32/32 MP: 9/17
  4154 | D:5      | Reached skill level 7 in Spellcasting
  4336 | D:5      | Got an ancient cloak
  4347 | D:5      | Identified the +0 cloak "Varhecs" {Dex+7} (You found it on level 5 of the Dungeon)
  4375 | D:5      | Found an opulent altar of Gozag.
  4409 | D:5      | Reached XP level 7. HP: 33/36 MP: 10/20
  4607 | D:5      | Learned a level 5 spell: Lightning Bolt
  4743 | D:6      | Found a staircase to the Ecumenical Temple.
  4746 | D:6      | Noticed Menkaure
  4784 | D:6      | Reached skill level 5 in Air Magic
  4829 | D:6      | Killed Menkaure
  4969 | D:6      | Reached skill level 5 in Conjurations
  5116 | D:6      | Found Rofete's Antique Armour Emporium.
  5173 | D:6      | Reached XP level 8. HP: 34/41 MP: 17/21
  5662 | Temple   | Entered the Ecumenical Temple
  5673 | Temple   | Became a worshipper of Sif Muna the Loreminder
  5716 | D:6      | Got a slimy marble ring
  5931 | D:7      | Reached skill level 8 in Spellcasting
  5931 | D:7      | Reached skill level 1 in Charms
  5998 | D:7      | Reached * piety under Sif Muna
  6001 | D:7      | Gained mutation: Your spells are a little harder to cast, but a little more powerful. [potion of mutation]
  6001 | D:7      | Gained mutation: You regenerate slowly when monsters are visible. [potion of mutation]
  6001 | D:7      | Gained mutation: You are partially covered in rough black scales (AC +4, Dex -1). [potion of mutation]
  6010 | D:7      | HP: 2/41 [killer bee (2)]
  6014 | D:7      | Slain by a killer bee

Vault maps used:
D:1:      dpeg_arrival_tiny_e, serial_forest, infiniplex_forest_end_3,
          infiniplex_forest_lined_1, infiniplex_forest_end_1,
          infiniplex_forest_end_2, infiniplex_forest_end_1,
          infiniplex_forest_lined_4_way, infiniplex_forest_clump_tiny,
          infiniplex_forest_straight_5, infiniplex_forest_lined_room_2,
          hex_intersection, feat_on_display
D:2:      first_bread, st_stairs_7
D:3:      cheibriados_altar_1
D:4:      nicolae_ossuary_entry_false_entrances
D:5:      old_standard_altar
D:6:      temple_statues, basic_altar, serial_shops, shop, shop,
          nicolae_shop_crystal, zaba_anthole, nicolae_qazlal_style_of_elements,
          uniq_menkaure, uniq_prince_ribbit1, uniq_eustachio, uniq_grinder
D:7:      tso_oasis_becter
Temple:   lightli_temple_of_artemis

Skill      XL: |  1  2  3  4  5  6  7  8 |
---------------+-------------------------+-----
Spellcasting   | 4 5 6 7 8 |  8.4
Conjurations   | 2 3 5 6 |  6.8
Air Magic      | 4 6 7 |  7.0
Charms         | 3 |  3.1
Dodging        | |  2.4
Stealth        | |  2.4

Action                   |  1- 3 |  4- 6 |  7- 9 || total
-------------------------+-------+-------+-------++-------
Melee: Unarmed           |     2 |    11 |     2 ||    15
 Cast: Shock             |   115 |   180 |    88 ||   383
       Static Discharge  |       |     3 |     7 ||    10
       Lightning Bolt    |       |       |     7 ||     7
       Swiftness         |       |       |     1 ||     1
  Use: Scroll            |       |     4 |     1 ||     5
       Potion            |       |       |     6 ||     6
 Stab: Sleeping          |       |     1 |       ||     1
  Eat: Chunk             |     3 |     7 |     5 ||    15
